Map: Radhuset Station LE

Players

SubN - Winner!

  • Race: Zerg Zerg
  • League: Diamond
  • Spawn Location: 7:00

Lezber

  • Race: Protoss Protoss
  • Spawn Location: 1:00

VOD

Have the link to the VOD?

Description

Time

  • Played on: Nov. 18, 2023, 6:04 p.m.
  • Length: 30:18
Show
View Real Time Build Order
Export as new Build Order

SubN Zerg - Winner!

Build Orders: Hatch First, Lurkers 

Get SALT Encoding   

  12  0:00  Drone  
  13  0:12  Overlord  
  13  0:17  Drone  
  14  0:30  Drone x2  
  16  0:52  Hatchery  
  16  0:56  Drone  
  16  1:01  Drone  
  17  1:05  Drone  
  17  1:09  Extractor  
  17  1:23  Spawning Pool  
  16  1:41  Drone x3  
  19  1:52  Drone  
  20  2:05  Overlord  
  20  2:11  Queen  
  20  2:12  Queen  
  24  2:18  Metabolic Boost  
  24  2:21  Zergling x2  
  25  2:25  Zergling x2  
  26  2:39  Drone x4  
  30  2:51  Queen  
  30  2:53  Drone  
  30  2:54  Drone  
  34  3:00  Drone x2  
  34  3:05  Overlord  
  34  3:43  Hatchery  
  34  3:47  Queen  
  35  3:49  Drone x4  
  35  3:50  Drone x4  
  43  4:01  Overlord x2  
  43  4:12  Extractor  
  43  4:13  Drone x2  
  43  4:16  Overlord  
  44  4:37  Lair  
  44  4:38  Drone x6  
  44  4:39  Drone x3  
  44  4:43  Extractor  
  44  4:44  Drone  
  53  4:56  Queen  
  55  5:01  Overlord  
  55  5:14  Extractor  
  55  5:18  Spore Crawler  
  53  5:23  Drone  
  53  5:25  Drone x2  
  53  5:28  Drone x5  
  61  5:31  Spore Crawler  
  61  5:32  Drone x6  
  66  5:39  Evolution Chamber x2  
  66  5:41  Hydralisk Den  
  63  5:51  Infestation Pit  
  62  5:59  Spore Crawler  
  61  6:05  Overseer  
  61  6:08  Overlord x3  
  61  6:10  Zerg Missile Weapons Level 1  
  61  6:11  Zerg Ground Armor Level 1  
  61  6:12  Grooved Spines  
  61  6:30  Hydralisk  
  61  6:31  Hydralisk x8  
  79  6:36  Overlord  
  79  6:51  Spore Crawler  
  79  6:52  Overlord  
  78  6:54  Overlord  
  78  6:55  Hydralisk x3  
  78  6:58  Overseer  
  84  7:02  Muscular Augments  
  84  7:03  Hive  
  84  7:15  Hydralisk  
  84  7:16  Hydralisk x2  
  84  7:20  Zergling x2  
  91  7:24  Overseer  
  91  7:32  Hydralisk  
  91  7:33  Hydralisk x2  
  91  7:35  Zergling x2  
  91  7:36  Zergling x12  
  104  7:58  Overseer, Lurker Den  
  104  8:05  Hydralisk x3  
  108  8:13  Hatchery  
  108  8:18  Drone x7  
  114  8:37  Overlord x3  
  114  8:38  Overlord x2  
  114  8:52  Overlord x2  
  114  8:55  Drone x2  
  114  8:56  Drone x3  
  114  8:57  Drone  
  114  9:00  Seismic Spines  
  114  9:02  Viper  
  120  9:05  Viper  
  126  9:12  Drone, Extractor  
  126  9:13  Drone x3  
  126  9:14  Drone x3, Extractor  
  126  9:15  Drone  
  132  9:17  Overlord  
  132  9:18  Overlord  
  132  9:20  Overseer  
  132  9:26  Drone x9  
  132  9:30  Queen  
  143  9:32  Lurker x2  
  143  9:37  Lurker  
  146  9:49  Drone x11  
  157  9:55  Lurker  
  157  9:56  Lurker x2  
  157  9:58  Adaptive Talons  
  160  10:04  Queen  
  160  10:09  Drone x3  
  158  10:20  Lurker x3  
  161  10:23  Drone x4  
  161  10:24  Drone  
  166  10:30  Spine Crawler  
  166  10:31  Drone x3, Spine Crawler x2  
  166  10:32  Spine Crawler  
  166  10:33  Spine Crawler  
  166  10:35  Spine Crawler, Extractor, Viper  
  163  10:36  Extractor  
  163  10:39  Queen  
  166  10:43  Overseer  
  166  10:49  Drone  
  167  10:52  Lurker x3  
  170  10:57  Overlord x4  
  170  11:22  Zergling x2  
  171  11:26  Zergling x2  
  171  11:27  Hatchery  
  171  11:29  Zergling x2  
  171  11:30  Extractor  
  171  11:35  Lurker x3  
  171  11:36  Hydralisk x11  
  171  11:37  Hydralisk  
  171  11:39  Zergling x4  
  200  11:56  Overlord x2  
  200  12:01  Zerg Missile Weapons Level 2  
  200  12:02  Zerg Ground Armor Level 2  
  198  12:51  Pneumatized Carapace  
  198  12:55  Spine Crawler  
  198  12:56  Spine Crawler  
  196  12:59  Spine Crawler  
  188  13:25  Hydralisk  
  188  13:26  Hydralisk x7  
  198  13:38  Viper  
  198  14:04  Zergling x2  
  198  14:05  Zergling x2  
  200  14:18  Zerg Missile Weapons Level 3  
  200  14:19  Zerg Ground Armor Level 3  
  200  14:29  Spine Crawler  
  200  14:31  Spine Crawler  
  198  14:41  Overseer x3  
  198  14:43  Hydralisk  
  199  15:13  Zergling x6  
  199  15:14  Zergling x14  
  189  15:28  Hydralisk x3  
  189  15:29  Hydralisk x2  
  189  15:32  Spire  
  185  15:57  Overseer  
  111  16:44  Corruptor  
  111  16:45  Corruptor x11  
  135  16:49  Viper x3  
  135  16:53  Greater Spire  
  144  17:02  Hatchery  
  144  17:06  Extractor  
  144  17:08  Extractor  
  141  17:12  Hatchery  
  140  17:20  Spine Crawler  
  140  17:21  Corruptor x7  
  153  17:23  Spine Crawler  
  153  17:26  Hatchery  
  153  17:27  Extractor  
  153  17:28  Spine Crawler  
  153  17:29  Extractor  
  149  17:30  Spine Crawler  
  149  17:32  Spine Crawler x2  
  145  18:05  Lurker x3  
  148  18:07  Corruptor x4  
  148  18:11  Brood Lord x4  
  148  18:12  Brood Lord x8  
  180  18:13  Corruptor x7  
  180  18:19  Zerg Melee Weapons Level 1  
  194  18:30  Drone x6  
  200  19:10  Overlord x3  
  200  19:11  Overlord x4  
  200  19:13  Overseer x2  
  200  19:14  Overseer x2  
  200  19:51  Hatchery  
  200  19:52  Extractor  
  198  19:56  Corruptor  
  157  21:25  Corruptor  
  157  21:26  Corruptor x16  
  157  21:27  Corruptor  
  189  21:37  Corruptor x11  
  200  21:46  Zergling x2  
  193  21:47  Zergling x14  
  193  21:53  Viper  
  183  22:22  Brood Lord x3  
  189  22:24  Zergling x8  
  189  22:25  Zergling x14  
  200  22:34  Zerg Flyer Weapons Level 1  
  200  22:36  Zerg Melee Weapons Level 2  
  173  23:14  Zergling x8  
  173  23:15  Zergling x56  
  173  23:16  Zergling x8  
  166  23:51  Brood Lord x3  
  166  23:52  Brood Lord x4  
  166  23:56  Zergling x2  
  166  23:57  Zergling x34  
  166  23:58  Zergling x14  
  166  24:02  Overseer x2  
  188  24:08  Overseer  
  188  24:17  Zergling x2  
  188  24:18  Zergling x14  
  196  24:35  Overlord x4  
  196  24:40  Spine Crawler  
  156  25:07  Brood Lord x3  
  156  25:10  Zergling x30  
  156  25:11  Zergling x10  
  158  25:57  Zergling x14  
  158  25:58  Zergling x22  
  159  26:28  Drone x5  
  154  26:55  Brood Lord  
  126  27:35  Brood Lord x4  
  106  28:15  Brood Lord x5  
  106  28:17  Zergling x4  
  117  28:50  Drone x3  
  120  28:56  Hatchery  
Show
View Real Time Build Order
Export as new Build Order

Lezber Protoss 

Build Orders: Carriers 

Get SALT Encoding   

  12  0:02  Probe  
  13  0:14  Pylon  
  13  0:17  Probe  
  14  0:36  Probe (Chrono Boost)  
  14  0:37  Gateway  
  15  0:46  Probe (Chrono Boost)  
  16  0:51  Probe (Chrono Boost)  
  16  0:54  Assimilator  
  17  1:03  Probe (Chrono Boost)  
  18  1:13  Probe (Chrono Boost)  
  19  1:18  Probe (Chrono Boost)  
  20  1:26  Cybernetics Core  
  20  1:45  Nexus  
  20  1:53  Assimilator  
  20  1:56  Probe  
  21  2:06  Adept  
  23  2:14  Warp Gate  
  23  2:17  Pylon  
  23  2:35  Probe  
  24  2:48  Probe  
  25  2:52  Gateway  
  25  2:54  Pylon  
  24  3:02  Probe (Chrono Boost)  
  24  3:05  Probe (Chrono Boost), Adept  
  28  3:11  Probe (Chrono Boost)  
  30  3:14  Probe (Chrono Boost)  
  30  3:16  Probe  
  31  3:24  Probe  
  32  3:29  Probe  
  33  3:36  Probe  
  33  3:38  Stargate  
  33  3:41  Probe (Chrono Boost)  
  34  3:50  Probe (Chrono Boost)  
  34  3:53  Probe (Chrono Boost)  
  35  4:01  Probe (Chrono Boost)  
  37  4:03  Probe (Chrono Boost)  
  37  4:06  Probe (Chrono Boost)  
  37  4:07  Stalker, Adept  
  37  4:08  Probe (Chrono Boost)  
  43  4:14  Probe  
  45  4:31  Pylon  
  44  4:36  Assimilator  
  44  4:40  Assimilator  
  44  4:45  Pylon  
  44  4:49  Oracle  
  47  4:54  Twilight Council  
  47  4:56  Gateway  
  47  4:59  Probe x2  
  49  5:05  Robotics Facility  
  49  5:11  Probe (Chrono Boost), Nexus  
  50  5:15  Probe (Chrono Boost)  
  51  5:23  Probe (Chrono Boost)  
  51  5:27  Probe (Chrono Boost)  
  53  5:32  Probe (Chrono Boost)  
  53  5:33  Pylon, Probe (Chrono Boost)  
  59  5:40  Probe  
  59  5:41  Void Ray  
  59  5:42  Probe  
  61  5:59  Nexus  
  61  6:00  Pylon  
  62  6:05  Probe x2  
  62  6:07  Observer  
  62  6:08  Robotics Facility  
  62  6:11  Robotics Bay  
  64  6:17  Probe x2  
  66  6:25  Immortal  
  70  6:26  Probe  
  70  6:29  Probe x2  
  73  6:38  Probe  
  74  6:41  Probe x2  
  74  6:45  Charge  
  74  6:46  Pylon  
  76  6:50  Gateway, Probe  
  76  6:53  Probe x2, Forge, Shield Battery  
  79  6:55  Gateway  
  79  7:03  Probe  
  79  7:05  Probe x2  
  82  7:09  Dark Shrine, Sentry, Zealot  
  82  7:10  Zealot  
  82  7:15  Probe  
  89  7:17  Colossus x2 (Chrono Boost)  
  89  7:19  Extended Thermal Lance (Chrono Boost)  
  101  7:25  Probe x2  
  101  7:29  Shield Battery  
  103  7:44  Pylon  
  103  7:50  Stalker  
  105  7:58  Zealot x4  
  105  8:05  Probe x2  
  115  8:09  Assimilator  
  115  8:10  Assimilator  
  115  8:11  Colossus  
  115  8:12  Pylon  
  121  8:16  Pylon  
  121  8:20  Photon Cannon x2  
  121  8:24  Pylon  
  121  8:27  Pylon  
  121  8:30  Colossus  
  127  8:40  Sentry x2  
  128  8:53  Probe x3  
  131  9:00  Sentry  
  133  9:04  Photon Cannon  
  133  9:05  Probe x3  
  133  9:06  Photon Cannon  
  136  9:11  Shield Battery  
  136  9:14  Assimilator  
  136  9:16  Assimilator  
  136  9:22  Pylon  
  136  9:27  Pylon, Zealot x4  
  136  9:30  Protoss Ground Weapons Level 1 (Chrono Boost)  
  144  9:36  Gateway  
  144  9:39  Pylon  
  144  9:52  Photon Cannon  
  144  9:53  Photon Cannon  
  144  9:56  Photon Cannon x2  
  144  10:04  Nexus  
  136  10:24  Gateway  
  136  10:26  Shadow Stride, Gateway  
  136  10:30  Immortal x2  
  144  10:36  Probe x3  
  144  10:39  Probe  
  148  10:45  Pylon x2  
  148  10:48  Probe x3  
  148  10:49  Pylon, Dark Templar  
  153  10:50  Dark Templar x3  
  153  10:51  Dark Templar x2, Probe  
  164  10:57  Archon x3  
  164  11:00  Probe x2  
  164  11:01  Gateway  
  166  11:05  Pylon x2  
  166  11:08  Shield Battery  
  166  11:12  Photon Cannon  
  166  11:14  Photon Cannon  
  166  11:23  Photon Cannon  
  166  11:25  Fleet Beacon  
  166  11:26  Stargate, Photon Cannon  
  166  11:27  Pylon  
  166  11:33  Pylon  
  166  11:36  Protoss Ground Weapons Level 2 (Chrono Boost)  
  166  11:39  Blink  
  166  11:41  Pylon  
  166  11:46  Shield Battery  
  166  11:48  Pylon  
  166  11:57  Photon Cannon  
  166  11:59  Photon Cannon  
  166  12:04  Zealot x5  
  176  12:19  Shield Battery  
  176  12:20  Carrier x2 (Chrono Boost)  
  182  12:26  Pylon  
  182  12:27  Immortal x2  
  182  12:29  Shield Battery  
  196  12:35  Pylon, Robotics Facility  
  186  12:44  Pylon, Gateway  
  186  12:48  Assimilator  
  186  12:50  Gateway, Assimilator  
  186  12:57  Observer  
  186  13:00  Gravitic Boosters  
  156  13:29  Immortal x2  
  156  13:31  Observer  
  165  13:35  Shield Battery  
  165  13:38  Photon Cannon  
  165  13:39  Photon Cannon  
  153  13:42  Templar Archives, Zealot x6  
  153  13:43  Zealot x3  
  171  13:53  Shield Battery  
  171  13:55  Pylon  
  171  13:57  Pylon, Gravitic Drive  
  171  14:03  Immortal  
  175  14:15  Carrier x2  
  177  14:27  Zealot x5  
  177  14:28  Zealot x4  
  186  14:38  Psionic Storm  
  186  14:42  Observer x2  
  188  14:55  High Templar x2  
  188  15:09  High Templar  
  186  15:16  Zealot x2  
  186  15:17  Zealot x4  
  192  15:42  High Templar x2  
  196  15:45  Colossus  
  168  16:10  Dark Templar x7  
  114  16:26  Zealot  
  114  16:27  Zealot x3  
  122  16:35  Colossus x2 (Chrono Boost)  
  128  16:47  Robotics Facility  
  128  16:51  Pylon  
  128  16:59  Carrier x2  
  140  17:08  Zealot x2  
  140  17:09  Zealot  
  146  17:17  Shield Battery  
  146  17:23  Gateway  
  146  17:24  Gateway  
  138  17:46  Immortal x4  
  154  18:01  Photon Cannon  
  154  18:04  Photon Cannon  
  154  18:25  Immortal  
  162  18:27  Void Ray  
  164  18:35  Colossus, Immortal  
  164  18:36  Observer  
  173  18:52  Nexus  
  173  19:09  High Templar x2  
  177  19:16  Pylon  
  177  19:20  Pylon  
  177  19:23  Gateway  
  177  19:25  Gateway  
  177  19:28  Protoss Ground Weapons Level 3 (Chrono Boost)  
  179  19:51  Void Ray x2  
  179  20:03  Pylon  
  179  20:07  Photon Cannon  
  179  20:10  Photon Cannon  
  179  20:14  Zealot x2  
  179  20:15  Zealot x4  
  179  20:16  Zealot  
  179  20:19  Nexus  
  193  20:28  Photon Cannon  
  193  20:30  Photon Cannon  
  193  20:32  Pylon  
  196  20:36  Void Ray  
  192  20:56  Observer  
  190  21:01  Stalker  
  190  21:02  Stalker x4  
  190  21:03  Stalker x3  
  146  21:25  Stalker x6  
  154  21:26  Stalker x6  
  140  21:53  Stalker x5  
  140  21:54  Stalker x7  
  158  22:19  Immortal x4  
  174  22:28  Assimilator  
  174  22:30  Pylon  
  174  22:33  Assimilator  
  174  22:39  Dark Templar x3  
  174  22:40  Dark Templar x2, Photon Cannon x2  
  174  22:41  High Templar  
  174  22:42  High Templar  
  189  23:01  Observer  
  163  23:16  Archon  
  163  23:17  Archon  
  127  24:00  Stalker x2  
  127  24:01  Stalker x5  
  127  24:02  High Templar  
  139  24:03  Dark Templar x2, High Templar  
  139  24:04  Dark Templar  
  147  24:10  Shield Battery  
  147  24:12  Photon Cannon  
  147  24:13  Photon Cannon  
  147  24:15  Photon Cannon  
  147  24:17  Photon Cannon  
  147  24:18  Archon  
  147  24:30  Pylon, Nexus  
  147  24:36  Assimilator  
  123  25:15  Void Ray x2  
  119  25:22  Stalker x8  
  119  25:23  Stalker  
  127  25:42  Stalker x2  
  121  25:44  Stalker  
  117  26:00  Stalker  
  117  26:01  Stalker  
  109  26:17  Stalker  
  80  26:34  Zealot x8  
  80  26:35  Zealot x2  
  91  26:42  Stalker  
  72  27:02  Stalker x3  
  72  27:03  Stalker x3  
  70  27:13  Zealot x3  
  72  27:20  Zealot x2  
  74  27:35  Stalker x2  
  74  27:36  Stalker  
  76  27:43  Stalker x3  
  57  28:13  Stalker x3  
  55  28:29  Stalker x3  
  55  28:30  Stalker  
  61  28:41  Nexus  
  61  28:42  Stalker  
  61  28:48  Stalker  
  65  28:51  Pylon  
  65  28:55  Pylon  
  65  28:56  Stalker  
  65  28:59  Pylon  
  57  29:15  Stalker x2  
  56  29:37  Assimilator  
  52  29:39  Photon Cannon  
  52  29:41  Photon Cannon  
  52  29:43  Assimilator  
  52  29:49  Cybernetics Core  
  54  30:13  Zealot x2  
Tags
 
Add a new tag
Caveats
  • Supply blocks, unpowered buildings, or Contaminate may cause inaccurate times.
  • Supply counts are checked every 10 seconds.